 Dungeon Crawl Stone Soup version 0.29.1-2-gbd0b4ee654 (webtiles) character file.

Game seed: 4555112632780530981

6545 GorkyZ the Poker (level 10, -7/53 HPs)
             Began as a Demonspawn Fighter on Nov 19, 2022.
             Was an Initiate of Gozag.
             Killed from afar by a wretched star (23 damage)
             ... with a lance of force
             ... on level 1 of the Abyss.
             The game lasted 00:42:59 (9556 turns).

GorkyZ the Poker (Demonspawn Fighter)               Turns: 9556, Time: 00:43:00

Health: -7/53      AC:  9    Str: 19      XL:     10   Next: 70%
Magic:  10/10      EV: 14    Int:  9      God:    Gozag
Gold:   686        SH: 23    Dex: 18 (19) Spells: 9/9 levels left

rFire   + . .      SeeInvis .   j - +3 spear (venom)
rCold   . . .      Faith    .   l - +8 kite shield of the Pits of Slime {rElec rF+ rN++}
rNeg    + + .      Spirit   .   o - +2 troll leather armour {Pargi}
rPois   .          Reflect  +   (helmet restricted)
rElec   +          Harm     .   t - +0 cloak
rCorr   +          Rampage  .   (no gloves)
Will    .....      Rage     9%  e - +2 pair of boots of Saxa {rCorr Slay+2}
Stlth   ++++......              s - amulet of reflection
HPRegen 0.97/turn               (no ring)
MPRegen 0.12/turn               (no ring)

@: on berserk cooldown, slowed, studying Evocations, unable to read, unable to
drink, very slow
A: antennae 2, thin skeletal structure 3, powered by death 3, agile 1, [berserk
2], [clumsy 2], [deformed body], [deterioration 2], frail 1[+2], [screaming 2],
([teleportitis 2]), [inability to drink after injury 2], [inability to read
after injury 2]
a: Renounce Religion, Potion Petition, Call Merchant, Bribe Branch


You were on level 1 of the Abyss.
You worshipped Gozag.
Gozag was pleased with you.
You visited 3 branches of the dungeon, and saw 11 of its levels.
You visited the Abyss 1 time.
You also visited: Sewer.

You collected 2134 gold pieces.
You spent 1334 gold pieces at shops.
You paid 114 gold pieces to Gozag.

Inventory:

Hand Weapons
 a - a +0 flail
 j - a +3 spear of venom (weapon)
 r - a +0 spear
Missiles
 k - 3 poisoned darts
 F - 2 silver boomerangs (quivered)
Armour
 b - a +0 scale mail
 c - a +0 buckler
 e - the +2 pair of boots of Saxa (worn) {rCorr Slay+2}
   (You acquired it on level 5 of the Dungeon)

   Slay:      It affects your accuracy & damage with ranged weapons and melee
   (+2).
   rCorr:     It protects you from acid and corrosion.
 i - a +0 chain mail
 l - the +8 kite shield of the Pits of Slime (worn) {rElec rF+ rN++}
   (You acquired it on level 5 of the Dungeon)

   rF:        It protects you from fire.
   rElec:     It insulates you from electricity.
   rN:        It greatly protects you from negative energy.
 o - a +2 troll leather armour (worn) {Pargi}
 t - a +0 cloak (worn)
Jewellery
 s - an amulet of reflection (around neck)
 G - an amulet of regeneration
 I - a +4 ring of protection
Wands
 y - a wand of paralysis (21)
 A - a wand of mindburst (14)
 C - a wand of polymorph (9)
Scrolls
 m - 4 scrolls of teleportation
 u - 3 scrolls of magic mapping
 w - 3 scrolls of blinking
 z - a scroll of silence
 D - a scroll of brand weapon {unknown}
 H - a scroll of fog
 J - a scroll of identify
Potions
 d - 4 potions of might
 f - 4 potions of heal wounds
 g - a potion of ambrosia
 h - a potion of flight
 n - 7 potions of curing
 p - a potion of berserk rage
 q - a potion of brilliance
 v - 3 potions of haste
 x - 5 potions of attraction
 B - a potion of resistance {unknown}
 E - a potion of magic


   Skills:
 + Level 6.3 Fighting
 - Level 2.3 Maces & Flails
 * Level 6.8 Polearms
 + Level 4.8 Throwing
 + Level 5.8 Armour
 * Level 6.5 Dodging
 + Level 5.7 Shields
 + Level 6.3 Evocations


You had 9 spell levels left.
You didn't know any spells.
Your spell library contained the following spells:

 Spells                   Type           Power      Damage    Failure   Level
 Apportation              Tloc           0%         N/A       78%         1
 Beastly Appendage        Tmut           0%         N/A       78%         1
 Freeze                   Ice            0%         1d3       78%         1
 Necrotise                Necr           0%         1d4       78%         1
 Summon Small Mammal      Summ           0%         N/A       78%         1
 Sublimation of Blood     Necr           0%         N/A       89%         2
 Wereblood                Tmut           0%         N/A       89%         2
 Frozen Ramparts          Ice            0%         1d1       98%         3
 Spider Form              Tmut/Pois      0%         N/A       98%         3
 Fulminant Prism          Conj/Hex       0%         3d6       100%        4
 Hailstorm                Conj/Ice       0%         3d3       100%        4
 Ice Form                 Ice/Tmut       0%         N/A       100%        4
 Iskenderun's Mystic Bla  Conj/Tloc      0%         2d3       100%        4
 Summon Ice Beast         Ice/Summ       0%         N/A       100%        4
 Lee's Rapid Deconstruct  Erth           0%         3d5*      100%        5
 Summon Hydra             Summ           0%         N/A       100%        7


Dungeon Overview and Level Annotations

Branches:
Dungeon (9/15)             Temple (1/1) D:5            Lair (0/5) D:9
    Orc (1/2) D:9           Sewer (visited)

Altars:
Ashenzari
Cheibriados
Dithmenos
Fedhas
Gozag
Hepliaklqana
Kikubaaqudgha
Nemelex Xobeh
Okawaru
Qazlal
Sif Muna
Trog
Uskayaw
Wu Jian
Xom
Yredelemnul

Shops:
D:2 (   D:5 :   D:7 *   D:8 :

Annotations:
Orc:1 Erolcha


Innate Abilities, Weirdness & Mutations

You have a pair of antennae on your head.
You have an unnaturally thin skeletal structure. (Dex +6, Stealth+++)
You regenerate a lot of health from kills.
You are agile. (Dex +4, Str/Int -1)
[You have an uncontrollable temper.]
[You are very clumsy. (Dex -4)]
[Armour fits poorly on your strangely shaped body.]
[Your body often deteriorates upon taking damage.]
[You are extremely frail. (-30% HP)]
[You frequently scream uncontrollably at your foes.]
[((You are often teleported next to monsters.))]
[You sometimes lose the ability to drink potions when taking damage.]
[You sometimes lose the ability to read scrolls when taking damage.]


Message History

You puncture the wretched star!
The wretched star is severely damaged.
The wretched star glows turbulently.
The lance of force hits you!
You are knocked back by the lance of force.
Unknown command.
You feel a strong urge to attack something.
You feel your anger nearly subside.
The wretched star pulses with an eldritch light!
You feel weirdly uncertain.
You feel even more weirdly uncertain.
You feel frail. x2
You puncture the wretched star!
The wretched star is almost destroyed.
You closely miss the wretched star.
The wretched star is almost destroyed.
The wretched star glows turbulently.
The lance of force hits you!!
You are knocked back by the lance of force.
You slam into the stone wall!
You are no longer berserk.
You are exhausted.
You feel yourself slow down.
You hit the wretched star but do no damage.
The wretched star is almost destroyed.
You hit the wretched star but do no damage.
The wretched star is almost destroyed.
You hit the wretched star but do no damage.
The wretched star is almost destroyed.
The wretched star glows turbulently.
The lance of force hits you!!
You feel threatened and lose the ability to read scrolls!
You feel threatened and lose the ability to drink potions!
Your body deteriorates!
You feel clumsy.
You are knocked back by the lance of force.
You slam into the stone wall!
* * * LOW HITPOINT WARNING * * *
The wretched star glows turbulently.
The lance of force hits you!!
You die...
Your body crumbles into a pile of gold.

# ##.. ##..# #..#
.... .##.. #
####..###.### #.. #
## #
#.....#.....#.... .
........@........
..... ##.###.*...#..#
. . ##........# .
.#########..#.#...#.#
.. .
..........#.#..#.. #
. ....#.#....
...#.#.# #..#
##..#........#.. .# #
.# .##..###......#
... . #..#.##..
#.#..#.


You could see a wretched star.

Vanquished Creatures
  3 two-headed ogres
  Maggie (D:8)
  A silent spectre (Abyss:1)
  A warg (Orc:1)
  2 water moccasins (D:7)
  Pargi (Sewer)
  4 orc warriors
  A sky beast (D:7)
  An ice beast (D:7)
  A black bear (D:7)
  An ogre (D:5)
  A centaur (D:8)
  A phantom (D:5)
  Blork the orc (D:5)
  7 bullfrogs
  A necrophage (D:4)
  2 scorpions
  7 wights
  13 killer bees
  A howler monkey (D:7)
  2 hounds
  2 jellies
  6 orc priests
  4 gnoll boudas
  3 iguanas
  Natasha (twice) (D:2)
  8 orc wizards
  16 gnolls
  A river rat (D:3)
  A white imp (D:5)
  5 ufetubi
  2 worms
  3 dart slugs
  24 orcs
  11 ball pythons
  2 endoplasms
  2 giant cockroaches
  10 goblins
  4 hobgoblins
  6 jackals
  2 quokkas
  16 bats
  5 frilled lizards
  9 kobolds
  5 rats
202 creatures vanquished.

Vanquished Creatures (collateral kills)
  The ghost of rlgrobin the Vexing, a novice GnAM of Qazlal (D:5)
1 creature vanquished.

Vanquished Creatures (others)
  32 plants (D:3)
32 creatures vanquished.

Grand Total: 235 creatures vanquished

Notes
Turn   | Place    | Note
-------+----------+-------------------------------------------
     0 | D:1      | GorkyZ the Demonspawn Fighter began the quest for the Orb.
     0 | D:1      | Reached XP level 1. HP: 18/18 MP: 1/1
   376 | D:1      | Gained mutation: You have a pair of small antennae on your
                  | head. [demonic ancestry]
   376 | D:1      | Reached XP level 2. HP: 21/24 MP: 2/2
  1010 | D:2      | Found Feamoest's Antique Weapon Boutique.
  1199 | D:2      | Found a faded altar of an unknown god.
  1360 | D:2      | Noticed Natasha
  1380 | D:2      | Killed Natasha
  1381 | D:2      | Reached skill level 1 in Evocations
  1381 | D:2      | Gained mutation: You have a somewhat thin skeletal
                  | structure. (Dex +2, Stealth+) [demonic ancestry]
  1381 | D:2      | Reached XP level 3. HP: 3/29 MP: 3/3
  1829 | D:2      | Identified a scroll of acquirement
  1829 | D:2      | Acquired 855 gold pieces
  2248 | D:2      | Noticed Natasha
  2258 | D:2      | Killed Natasha
  2259 | D:2      | Reached skill level 1 in Throwing
  2259 | D:2      | Gained mutation: You have a moderately thin skeletal
                  | structure. (Dex +4, Stealth++) [demonic ancestry]
  2259 | D:2      | Reached XP level 4. HP: 30/35 MP: 4/4
  2395 | D:2      | Bought a runed spear for 144 gold pieces
  3176 | D:3      | Found a glowing drain.
  3215 | Sewer    | Entered a sewer
  3237 | Sewer    | Noticed Pargi
  3246 | Sewer    | Killed Pargi
  3247 | Sewer    | Reached skill level 1 in Polearms
  3247 | Sewer    | Reached XP level 5. HP: 27/42 MP: 5/5
  3968 | D:4      | You fall into a shaft and drop 3 floors!
  3968 | D:7      | Found an ornate altar of the Wu Jian Council.
  3979 | D:7      | Noticed a black bear
  3989 | D:7      | Killed a black bear
  3990 | D:7      | Gained mutation: You regenerate a little health from kills.
                  | [demonic ancestry]
  3990 | D:7      | Reached XP level 6. HP: 34/48 MP: 6/6
  4020 | D:7      | Found a flagged portal.
  4020 | D:7      | Noticed an ice beast
  4040 | D:7      | Killed an ice beast
  4041 | D:7      | Reached skill level 1 in Dodging
  4158 | D:7      | Noticed a sky beast
  4330 | D:6      | Found a shadowy altar of Dithmenos.
  4390 | D:5      | Entered Level 5 of the Dungeon
  4413 | D:5      | Found a large runed translucent door.
  4413 | D:5      | Found a large runed translucent door.
  4417 | D:5      | Gained mutation: You regenerate health from kills. [demonic
                  | ancestry]
  4417 | D:5      | Reached XP level 7. HP: 42/54 MP: 7/7
  4594 | D:5      | Noticed Blork the orc
  4602 | D:5      | Killed Blork the orc
  4626 | D:5      | Found Ceisirgh's Book Boutique.
  4903 | D:4      | Gained mutation: You regenerate a lot of health from kills.
                  | [demonic ancestry]
  4903 | D:4      | Reached XP level 8. HP: 59/61 MP: 8/8
  5254 | D:5      | Noticed rlgrobin's ghost (novice GnAM)
  5297 | D:5      | Found a staircase to the Ecumenical Temple.
  5311 | Temple   | Entered the Ecumenical Temple
  5355 | Temple   | Became a worshipper of Gozag Ym Sagoz the Greedy
  5599 | D:5      | Acquired the +2 pair of boots of Saxa {rCorr Slay+2}
  5601 | D:5      | Acquired the +8 kite shield of the Pits of Slime {rElec rF+
                  | rN++}
  5623 | D:5      | Killed rlgrobin's ghost
  6215 | D:6      | Gained mutation: You are agile. (Dex +4, Str/Int -1)
                  | [potion of mutation]
  6215 | D:6      | Gained mutation: [You are frail. (-10% HP)] [potion of
                  | mutation]
  7422 | D:7      | Found Punwegg's Assorted Antiques.
  7450 | D:7      | Reached skill level 5 in Fighting
  7464 | D:7      | Gained mutation: You have a pair of antennae on your head.
                  | [demonic ancestry]
  7464 | D:7      | Reached XP level 9. HP: 61/61 MP: 9/9
  7516 | D:7      | Bought a potion of heal wounds for 115 gold pieces
  7516 | D:7      | Bought a potion of heal wounds for 115 gold pieces
  7890 | D:8      | Found Sahu's Vocational Training.
  7987 | D:8      | Bought a manual of Evocations for 960 gold pieces
  8052 | D:8      | Reached skill level 5 in Polearms
  8084 | D:8      | Reached skill level 5 in Armour
  8084 | D:8      | Reached skill level 5 in Dodging
  8084 | D:8      | Reached skill level 5 in Shields
  8178 | D:8      | Noticed Maggie
  8195 | D:8      | Killed Maggie
  8214 | D:8      | Found a hide-covered altar of Uskayaw.
  8413 | D:8      | Reached skill level 5 in Evocations
  8458 | D:9      | Noticed a two-headed ogre
  8476 | D:9      | Killed a two-headed ogre
  8477 | D:9      | Gained mutation: You have an unnaturally thin skeletal
                  | structure. (Dex +6, Stealth+++) [demonic ancestry]
  8477 | D:9      | Reached XP level 10. HP: 59/68 MP: 10/10
  8717 | D:9      | Found a staircase to the Orcish Mines.
  8747 | D:9      | Noticed a two-headed ogre
  8769 | D:9      | Killed a two-headed ogre
  8988 | D:9      | Found a staircase to the Lair.
  9108 | Orc:1    | Entered Level 1 of the Orcish Mines
  9114 | Orc:1    | Noticed a two-headed ogre
  9128 | Orc:1    | Killed a two-headed ogre
  9442 | Orc:1    | Noticed Erolcha
  9449 | Abyss:1  | Cast into level 1 of the Abyss (Erolcha)
  9512 | Abyss:1  | Noticed a wretched star
  9556 | Abyss:1  | Killed from afar by a wretched star

Illustrated notes

Levels and vault maps discovered:
D:1:      lordsloth_arrival_two_stooges, layout_basic, corexii_hall_statues_x,
          minmay_tetromino_s2
D:2:      layout_loops_corners, serial_shops, nicolae_shop_hallway_stairs,
          hellmonk_ecumenical_altar_leap_of_faith, minmay_misc_feat_pillars,
          uniq_jessica, uniq_natasha
D:3:      layout_loops_ring, serial_bayou, serial_bayou_ford_a,
          serial_bayou_shore_b, serial_bayou_lagoon_a, serial_bayou_pond_a,
          portal_sewer_entry_c, ebering_dispersal_statue_hall,
          kennysheep_generic_room_12
D:4:      layout_loops_cross
D:5:      layout_rooms, temple_pool_b, ebering_ghost_disaster_area,
          serial_shops, kennysheep_mini, uniq_blork_the_orc
D:6:      layout_cave_pods, nicolae_dithmenos_through_a_glass_darkly,
          lemuel_flamethrower_2
D:7:      layout_basic, nzn_wu_jian_contemplation, enter_bailey_6,
          nicolae_stop_n_shop_1
D:8:      layout_cave_pools, lemuel_doored_altar, nicolae_shop_vocational,
          uniq_maggie
D:9:      layout_rooms, lair_entry_dummy, orc_0_dummy
Temple:   nicolae_temple_bog_church
Orc:1:    layout_caves, roderic_batcave, uniq_erolcha
Abyss:1:  base:
D:10

Skill      XL: |  1  2  3  4  5  6  7  8  9 10 |
---------------+-------------------------------+-----
Maces & Flails | 2 |  2.3
Armour         | 3 4 5 |  5.8
Shields        | 3 4 5 |  5.7
Evocations     | 1 2 3 5 6 |  6.3
Throwing       | 1 2 3 4 |  4.8
Polearms       | 1 2 3 4 5 6 |  6.8
Dodging        | 1 2 4 5 6 |  6.5
Fighting       | 4 5 6 |  6.3

Action                   |  1- 3 |  4- 6 |  7- 9 | 10-12 || total
-------------------------+-------+-------+-------+-------++-------
Melee: Flail             |   150 |     1 |       |       ||   151
       Spear             |       |   102 |   383 |   200 ||   685
Throw: Dart              |       |     3 |     3 |       ||     6
       Boomerang         |       |       |     5 |       ||     5
  Use: Scroll            |     5 |     3 |    16 |       ||    24
       Potion            |       |       |     1 |       ||     1
 Stab: Sleeping          |       |     7 |    13 |     4 ||    24
       Distracted        |       |       |     2 |     3 ||     5
Armor: Scale mail        |    50 |       |       |       ||    50
       Chain mail        |    51 |    38 |       |       ||    89
       Troll leather arm |       |    10 |    52 |    15 ||    77
Dodge: Dodged            |    66 |    29 |    94 |    36 ||   225
Block: Buckler           |    48 |    39 |    71 |       ||   158
       Reflection        |       |       |     2 |     7 ||     9
       Kite shield       |       |       |   221 |   184 ||   405
